SAA
RICHLAND RAILS @ BETHESDA ATOMS
07/27/2028
 
TOP OF THE 1ST
Richland Rails batting - Pitching for Bethesda Atoms : RHP Matt Davenport
Pitching: RHP Matt Davenport
Batting: LHB Orlando Casillas 0-0: SINGLE (Line Drive, 5D)
Batting: RHB Alexandre Keeping 0-0: Ball
1-0: Foul Ball, location: 2F
1-1: Called Strike
Orlando Casillas steals 2nd base
1-2: Foul Ball, location: 2F
1-2: Foul Ball, location: 2F
1-2: SINGLE (Groundball, 34D)
Orlando Casillas to third
Batting: SHB Félix Medina 0-0: Ball
1-0: Swinging Strike
1-1: Ball
2-1: Called Strike
2-2: Foul Ball, location: 2F
2-2: Strikes out swinging
Batting: RHB Scott Ramsey 0-0: Ball
1-0: Foul Ball, location: 2F
1-1: 3-RUN HOME RUN (Flyball, 7LD), Distance : 351 ft
Batting: SHB Jorge Colón 0-0: Foul Ball, location: 2F
0-1: Called Strike
0-2: Strikes out swinging
Batting: RHB Christian Gentry 0-0: Ball
1-0: Ground out 6-3 (Groundball, 56)
Top of the 1st over - 3 run(s), 3 hit(s), 0 error(s), 0 left on base; Richland 3 - Bethesda 0
BOTTOM OF THE 1ST
Bethesda Atoms batting - Pitching for Richland Rails : RHP Barney Starr
Pitching: RHP Barney Starr
Batting: RHB Bartolo Rosas 0-0: Ball
1-0: Foul Ball, location: 2F
1-1: Foul Ball, location: 2F
1-2: Ball
2-2: Foul Ball, location: 2F
2-2: Foul Ball, location: 2F
2-2: Foul Ball, location: 2F
2-2: Foul Ball, location: 2F
2-2: Strikes out swinging
Batting: RHB Carlos Soto 0-0: Ball
1-0: DOUBLE (Line Drive, 78M)
Batting: RHB Patrick Eggen 0-0: Ball
Carlos Soto steals 3rd base
1-0: Foul Ball, location: 2F
1-1: Fly out, F6 (Popup, 6MD)
Batting: SHB Nuygen Vuong 0-0: Fly out, F9 (Line Drive, 89M)
Bottom of the 1st over - 0 run(s), 1 hit(s), 0 error(s), 1 left on base; Richland 3 - Bethesda 0
TOP OF THE 2ND
Richland Rails batting - Pitching for Bethesda Atoms : RHP Matt Davenport
Batting: LHB Mike Gillespie 0-0: Ball
1-0: Ball
2-0: Foul Ball, location: 2F
2-1: Foul Ball, location: 2F
2-2: Strikes out looking
Batting: LHB Armando Peña 0-0: Called Strike
0-1: Foul Ball, location: 2F
0-2: Foul Ball, location: 2F
0-2: Fly out, F8 (Flyball, 8RS)
Batting: RHB Leon Carlisle 0-0: Ball
1-0: Ground out 6-3 (Groundball, 6)
Top of the 2nd over - 0 run(s), 0 hit(s), 0 error(s), 0 left on base; Richland 3 - Bethesda 0
BOTTOM OF THE 2ND
Bethesda Atoms batting - Pitching for Richland Rails : RHP Barney Starr
Batting: RHB Albert Zamudio 0-0: Swinging Strike
0-1: Ball
1-1: Ball
2-1: Ball
3-1: Base on Balls
Batting: RHB Jorge Cortéz 0-0: Ball
1-0: Called Strike
1-1: Foul Ball, location: 2F
1-2: Fly out, F8 (Line Drive, 8LS)
Batting: RHB Carlos Deleón 0-0: Ball
1-0: SINGLE (Line Drive, 56)
Albert Zamudio to second
Batting: SHB Pedro Ortega 0-0: SINGLE (Line Drive, 89S)
Albert Zamudio to third
Carlos Deleón to second
Runner from 3rd tries for Home, SAFE, no throw
Batting: RHB Enrique Ibarra 0-0: Ball
1-0: Called Strike
1-1: Called Strike
1-2: Foul Ball, location: 2F
1-2: Ball
2-2: Foul Ball, location: 2F
2-2: Foul Ball, location: 2F
2-2: Strikes out swinging
Batting: RHB Bartolo Rosas 0-0: Fly out, F8 (Flyball, 8RM)
Bottom of the 2nd over - 1 run(s), 2 hit(s), 0 error(s), 2 left on base; Richland 3 - Bethesda 1
TOP OF THE 3RD
Richland Rails batting - Pitching for Bethesda Atoms : RHP Matt Davenport
Batting: LHB Orlando Casillas 0-0: Ball
1-0: Called Strike
1-1: Swinging Strike
1-2: Foul Ball, location: 2F
1-2: Strikes out looking
Batting: RHB Alexandre Keeping 0-0: Ball
1-0: Ball
2-0: Called Strike
2-1: Foul Ball, location: 2F
2-2: Foul Ball, location: 2F
2-2: Foul Ball, location: 2F
2-2: Strikes out swinging
Batting: SHB Félix Medina 0-0: Ball
1-0: Ball
2-0: SINGLE (Line Drive, 6MD)
Batting: RHB Scott Ramsey 0-0: Ball
1-0: Ball
2-0: Ball
3-0: Called Strike
3-1: Foul Ball, location: 2F
3-2: Strikes out looking
Top of the 3rd over - 0 run(s), 1 hit(s), 0 error(s), 1 left on base; Richland 3 - Bethesda 1
BOTTOM OF THE 3RD
Bethesda Atoms batting - Pitching for Richland Rails : RHP Barney Starr
Batting: RHB Carlos Soto 0-0: Ball
1-0: Fly out, F8 (Flyball, 8RM)
Batting: RHB Patrick Eggen 0-0: Ball
1-0: Foul Ball, location: 2F
1-1: Ground out 5-3 (Groundball, 5L)
Batting: SHB Nuygen Vuong 0-0: Ball
1-0: Ball
2-0: Fly out, F7 (Flyball, 7LS)
Bottom of the 3rd over - 0 run(s), 0 hit(s), 0 error(s), 0 left on base; Richland 3 - Bethesda 1
TOP OF THE 4TH
Richland Rails batting - Pitching for Bethesda Atoms : RHP Matt Davenport
Batting: SHB Jorge Colón 0-0: Ball
1-0: Called Strike
1-1: Ground out 4-3 (Groundball, 34)
Batting: RHB Christian Gentry 0-0: Ball
1-0: Ball
2-0: Ball
3-0: Called Strike
3-1: SINGLE (Groundball, 4D)
Batting: LHB Mike Gillespie 0-0: Called Strike
Christian Gentry steals 2nd base
0-1: Ball
1-1: Ball
2-1: Ball
3-1: Base on Balls
Batting: LHB Armando Peña 0-0: Ball
1-0: Ball
2-0: Called Strike
2-1: Fly out, F8 (Flyball, 8LM)
Batting: RHB Leon Carlisle 0-0: Called Strike
0-1: Ball
1-1: Called Strike
1-2: DOUBLE (Line Drive, 78M)
Christian Gentry scores
Mike Gillespie to third
Runner from 3rd tries for Home, SAFE, no throw
Batting: LHB Orlando Casillas 0-0: Ball
1-0: SINGLE (Line Drive, 89S)
Leon Carlisle to third
Runner from 3rd tries for Home, SAFE, no throw
Batting: RHB Alexandre Keeping 0-0: Ball
1-0: Ball
2-0: Fly out, F8 (Flyball, 8LM)
Top of the 4th over - 3 run(s), 3 hit(s), 0 error(s), 1 left on base; Richland 6 - Bethesda 1
BOTTOM OF THE 4TH
Bethesda Atoms batting - Pitching for Richland Rails : RHP Barney Starr
Batting: RHB Albert Zamudio 0-0: Called Strike
0-1: Swinging Strike
0-2: Ball
1-2: Strikes out swinging
Batting: RHB Jorge Cortéz 0-0: Ball
1-0: Swinging Strike
1-1: Foul Ball, location: 2F
1-2: Strikes out swinging
Batting: RHB Carlos Deleón 0-0: Ball
1-0: Called Strike
1-1: Ball
2-1: Ball
3-1: Called Strike
3-2: Strikes out swinging
Bottom of the 4th over - 0 run(s), 0 hit(s), 0 error(s), 0 left on base; Richland 6 - Bethesda 1
TOP OF THE 5TH
Richland Rails batting - Pitching for Bethesda Atoms : RHP Matt Davenport
Pitching: LHP Dan Drew
Batting: SHB Félix Medina 0-0: Ball
1-0: SINGLE (Groundball, 6M) (infield hit)
Batting: RHB Scott Ramsey 0-0: Called Strike
0-1: Ball
1-1: Swinging Strike
1-2: Strikes out swinging
Batting: SHB Jorge Colón 0-0: Foul Ball, location: 2F
0-1: Swinging Strike
Félix Medina is caught stealing 2nd base
0-2: Ball
1-2: Ball
2-2: Ball
3-2: Base on Balls
Batting: RHB Christian Gentry 0-0: Called Strike
0-1: 2-RUN HOME RUN (Flyball, 78XD), Distance : 420 ft
Batting: LHB Mike Gillespie 0-0: Called Strike
0-1: Ball
1-1: Swinging Strike
1-2: Ball
2-2: Strikes out swinging
Top of the 5th over - 2 run(s), 2 hit(s), 0 error(s), 0 left on base; Richland 8 - Bethesda 1
BOTTOM OF THE 5TH
Bethesda Atoms batting - Pitching for Richland Rails : RHP Barney Starr
Batting: SHB Pedro Ortega 0-0: Called Strike
0-1: Ball
1-1: Called Strike
1-2: Foul Ball, location: 2F
1-2: Foul Ball, location: 2F
1-2: Fly out, F9 (Flyball, 9LMF)
Batting: RHB Enrique Ibarra 0-0: Called Strike
0-1: Fly out, F8 (Flyball, 8RM)
Batting: RHB Bartolo Rosas 0-0: Called Strike
0-1: Ball
1-1: Ball
2-1: Ball
3-1: Foul Ball, location: 2F
3-2: Foul Ball, location: 2F
3-2: Foul Ball, location: 2F
3-2: Fly out, F9 (Flyball, 9LS)
Bottom of the 5th over - 0 run(s), 0 hit(s), 0 error(s), 0 left on base; Richland 8 - Bethesda 1
TOP OF THE 6TH
Richland Rails batting - Pitching for Bethesda Atoms : LHP Dan Drew
Batting: LHB Armando Peña 0-0: Ball
1-0: Fly out, F8 (Flyball, 8LS)
Batting: RHB Leon Carlisle 0-0: Called Strike
0-1: Called Strike
0-2: Ball
1-2: Ball
2-2: Strikes out looking
Batting: LHB Orlando Casillas 0-0: Called Strike
0-1: SINGLE (Groundball, 34D)
Batting: RHB Alexandre Keeping 0-0: Called Strike
0-1: Ball
1-1: Ground out 5-3 (Groundball, 56S)
Top of the 6th over - 0 run(s), 1 hit(s), 0 error(s), 1 left on base; Richland 8 - Bethesda 1
BOTTOM OF THE 6TH
Bethesda Atoms batting - Pitching for Richland Rails : RHP Barney Starr
Batting: RHB Carlos Soto 0-0: Called Strike
0-1: Ball
1-1: Foul Ball, location: 2F
1-2: Ground out 5-3 (Groundball, 25)
Batting: RHB Patrick Eggen 0-0: Called Strike
0-1: Ground out 6-3 (Groundball, 6)
Batting: SHB Nuygen Vuong 0-0: Ball
1-0: Swinging Strike
1-1: Fly out, F4 (Line Drive, 4)
Bottom of the 6th over - 0 run(s), 0 hit(s), 0 error(s), 0 left on base; Richland 8 - Bethesda 1
TOP OF THE 7TH
Richland Rails batting - Pitching for Bethesda Atoms : LHP Dan Drew
Batting: SHB Félix Medina 0-0: Ball
1-0: Ball
2-0: Called Strike
2-1: Fly out, F8 (Flyball, 8RD)
Batting: RHB Scott Ramsey 0-0: Ball
1-0: SINGLE (Groundball, 6MD)
Batting: SHB Jorge Colón 0-0: Foul Ball, location: 2F
0-1: Ball
1-1: Foul Ball, location: 2F
1-2: Foul Ball, location: 2F
1-2: Strikes out swinging
Batting: RHB Christian Gentry 0-0: Called Strike
0-1: Foul Ball, location: 2F
0-2: Ball
1-2: Ground out 4-3 (Groundball, 4D)
Top of the 7th over - 0 run(s), 1 hit(s), 0 error(s), 1 left on base; Richland 8 - Bethesda 1
BOTTOM OF THE 7TH
Bethesda Atoms batting - Pitching for Richland Rails : RHP Barney Starr
Batting: RHB Albert Zamudio 0-0: Ball
1-0: Called Strike
1-1: Swinging Strike
1-2: Ground out 5-3 (Groundball, 56)
Batting: RHB Jorge Cortéz 0-0: Foul Ball, location: 2F
0-1: Called Strike
0-2: Ball
1-2: Ball
2-2: Strikes out swinging
Batting: RHB Carlos Deleón 0-0: Ball
1-0: Called Strike
1-1: Ball
2-1: Ball
3-1: Base on Balls
Pitching: RHP Miguel Hernández
Batting: SHB Pedro Ortega 0-0: Called Strike
0-1: Foul Ball, location: 2F
0-2: Strikes out swinging
Bottom of the 7th over - 0 run(s), 0 hit(s), 0 error(s), 1 left on base; Richland 8 - Bethesda 1
TOP OF THE 8TH
Richland Rails batting - Pitching for Bethesda Atoms : LHP Dan Drew
Batting: LHB Mike Gillespie 0-0: Ball
1-0: Foul Ball, location: 2F
1-1: Called Strike
1-2: Strikes out swinging
Batting: LHB Armando Peña 0-0: Ball
1-0: Ball
2-0: Fly out, F8 (Flyball, 8RM)
Batting: RHB Leon Carlisle 0-0: Ball
1-0: Foul Ball, location: 2F
1-1: SINGLE (Groundball, 4MD)
Batting: LHB Orlando Casillas 0-0: Ball
1-0: Fly out, F8 (Flyball, 8LS)
Top of the 8th over - 0 run(s), 1 hit(s), 0 error(s), 1 left on base; Richland 8 - Bethesda 1
BOTTOM OF THE 8TH
Bethesda Atoms batting - Pitching for Richland Rails : RHP Miguel Hernández
Now in LF: Júlio Hernández
Batting: RHB Enrique Ibarra 0-0: Ball
1-0: Called Strike
1-1: Called Strike
1-2: Foul Ball, location: 2F
1-2: Fly out, F4 (Popup, 3D)
Batting: RHB Bartolo Rosas 0-0: Swinging Strike
0-1: Called Strike
0-2: Ball
1-2: Fly out, F8 (Flyball, 8RD)
Batting: RHB Carlos Soto 0-0: Ground out 4-3 (Groundball, 4)
Bottom of the 8th over - 0 run(s), 0 hit(s), 0 error(s), 0 left on base; Richland 8 - Bethesda 1
TOP OF THE 9TH
Richland Rails batting - Pitching for Bethesda Atoms : LHP Dan Drew
Pitching: RHP Robby McDonald
Batting: RHB Alexandre Keeping 0-0: Ball
1-0: Ball
2-0: Ball
3-0: Called Strike
3-1: Called Strike
3-2: Foul Ball, location: 2F
3-2: Base on Balls
Batting: SHB Félix Medina 0-0: Fly out, F8 (Flyball, 78M)
Batting: RHB Scott Ramsey 0-0: Called Strike
0-1: Called Strike
0-2: Ball
1-2: Foul Ball, location: 2F
1-2: Grounds into double play, 6-4-3 (Groundball, 6)
Top of the 9th over - 0 run(s), 0 hit(s), 0 error(s), 0 left on base; Richland 8 - Bethesda 1
BOTTOM OF THE 9TH
Bethesda Atoms batting - Pitching for Richland Rails : RHP Miguel Hernández
Now at C: Jonah Cooney
Now at 2B: Kazu Hishida
Batting: RHB Patrick Eggen 0-0: Ball
1-0: Foul Ball, location: 2F
1-1: Ball
2-1: SINGLE (Groundball, 3D)
Batting: SHB Nuygen Vuong 0-0: Called Strike
0-1: Called Strike
0-2: Foul Ball, location: 2F
0-2: Ball
1-2: Ball
2-2: Foul Ball, location: 2F
2-2: Ball
3-2: Foul Ball, location: 2F
3-2: Fly out, F8 (Flyball, 8LS)
Batting: RHB Albert Zamudio 0-0: Foul Ball, location: 2F
0-1: Foul Ball, location: 2F
0-2: Ball
1-2: Ball
2-2: Strikes out swinging
Batting: RHB Jorge Cortéz 0-0: Called Strike
0-1: Called Strike
0-2: Strikes out swinging
Bottom of the 9th over - 0 run(s), 1 hit(s), 0 error(s), 1 left on base; Richland 8 - Bethesda 1
Friday, August 18th, 2017 - OOTP Baseball 17.12 Build 75